 Dungeon Crawl Stone Soup version 0.31-a0-765-g67fe2935dc (webtiles) character file.

Game seed: 10552727778768716064

119 Dittersdorf the Shield-Bearer (level 5, -12/33 HPs)
             Began as a Gargoyle Fighter on Sept 15, 2023.
             Mangled by an ogre
             ... wielding a +0 giant spiked club
              (25 damage)
             ... on level 4 of the Dungeon.
             The game lasted 00:02:26 (2164 turns).

Dittersdorf the Shield-Bearer (Gargoyle Fighter)    Turns: 2164, Time: 00:02:27

Health: -12/33     AC: 16    Str: 21    XL:     5   Next: 3%
Magic:  5/5        EV:  8    Int:  9    God:
Gold:   19         SH:  4    Dex:  9    Spells: 4/4 levels left

rFire   . . .        a - +0 flail
rCold   . . .        c - +0 buckler
rNeg    + . .        h - +0 chain mail
rPois   ∞            m - +0 helmet
rElec   +            (no cloak)
rCorr   .            (no gloves)
SInv    .            x - +1 pair of boots
Will    .....        (no amulet) Stlth
                     (no ring)
HPRegen 0.25/turn    (no ring)
MPRegen 0.09/turn

%: no passive effects
@: no status effects
A: sickness immunity, AC +4, negative energy resistance 1, electricity
resistance, torment resistance 1, petrification resistance
a: no special abilities


You were on level 4 of the Dungeon.
You visited 1 branch of the dungeon, and saw 4 of its levels.

You collected 169 gold pieces.
You spent 150 gold pieces at shops.

Inventory:

Hand Weapons
 a - a +0 flail (weapon)
Missiles
 e - 2 poisoned darts (quivered)
Armour
 c - a +0 buckler (worn)
 h - a +0 chain mail (worn)
 m - a +0 helmet (worn)
 x - a +1 pair of boots (worn)
Magical Staves
 q - a staff of earth
Scrolls
 b - 3 scrolls of immolation {unknown}
 f - a scroll of revelation {unknown}
 g - a scroll of poison {unknown}
 i - a scroll of enchant weapon {unknown}
 j - a scroll of noise {unknown}
 k - a scroll of fear {unknown}
 l - a scroll of brand weapon {unknown}
 s - a scroll of silence {unknown}
 t - a scroll of fog {unknown}
 v - a scroll of enchant armour {unknown}
Potions
 d - a potion of might
 n - a potion of mutation {unknown}
 o - a potion of enlightenment {unknown}
 p - a potion of magic {unknown}
 r - a potion of degeneration {unknown}
 u - a potion of attraction {unknown}
 w - a potion of heal wounds {unknown}
 z - a potion of curing {unknown}


   Skills:
 + Level 4.1 Fighting
 + Level 3.0 Maces & Flails
 + Level 4.1 Armour
 + Level 4.2 Shields


You had 4 spell levels left.
You didn't know any spells.
Your spell library contained the following spells:

 Spells                   Type           Power      Damage    Failure   Level
 Animate Dead             Necr           0%         N/A       100%        4
 Alistair's Intoxication  Tmut/Pois      0%         N/A       100%        5
 Borgnjor's Vile Clutch   Necr/Erth      0%         N/A       100%        5
 Death Channel            Necr           0%         N/A       100%        6
 Eringya's Noxious Bog    Tmut/Pois      0%         4d6       100%        6


Dungeon Overview and Level Annotations

Branches:
Dungeon (4/15)             Temple (0/1) D:4

Altars:

Shops:
D:2 *

Annotations:
D:4 Sigmund


Innate Abilities, Weirdness & Mutations

You are immune to sickness and miasma.
Your stone body is resilient. (AC +4)
You are immune to poison.
You resist negative energy. (rN+)
You are resistant to electric shocks. (rElec)
You are resistant to unholy torment.
You are immune to petrification.


Message History

A goblin comes into view. It is wielding a +0 club.
The goblin shouts!
You miss the goblin. The goblin hits you but does no damage.
You barely miss the goblin. The goblin hits you but does no damage.
The goblin completely misses you.
You closely miss the goblin. You block the goblin's attack.
You barely miss the goblin. The goblin hits you but does no damage.
You closely miss the goblin. The goblin hits you with a +0 club. x2
You barely miss the goblin. The goblin hits you but does no damage.
You closely miss the goblin. The goblin completely misses you.
You thump the goblin!
You kill the goblin!
No target in view!
No target in view!
No target in view!
No target in view!
No target in view!
No target in view!
No target in view!
No target in view!
No target in view!
No target in view!
No target in view!
No target in view!
z - an emerald potion
Things that are here:
a +0 club; a ball python corpse; an iguana corpse
Found a staircase to the Ecumenical Temple.
An ogre comes into view. It is wielding a +0 giant spiked club.
The ogre shouts!
Sigmund the Dreaded comes into view.
He is wielding a +0 scythe.
Found a stone staircase leading down.
The ogre hits you with a +0 giant spiked club!!
Ouch! That really hurt!
Sigmund casts a spell at you.
The puff of flame hits you but does no damage.
The ogre attacks as it pursues you!
The ogre hits you with a +0 giant spiked club!!
Ouch! That really hurt!
You die...

.. ### .# ... @##
#.########+#..####
..... ..#.#.....# #..#
#.#.#..⌠..#
#.###.#.#.....#
#......@O⌠.>.⌠#
##..##.........#
#.####..###......⌠..#
#.....## #.#.......#
#.###..####.#..#......
#..........#..####.##
#.###.#######..# >#
#..))# #..# #
#.#.###.#######


You could see an ogre.

Vanquished Creatures
  An iguana (D:4)
  2 adders (D:2)
  A worm (D:2)
  2 dart slugs
  2 orcs (D:3)
  3 bats
  7 endoplasms
  3 giant cockroaches (D:2)
  6 goblins
  6 hobgoblins
  8 jackals
  2 quokkas
  5 ball pythons
  2 frilled lizards
  7 kobolds
  6 rats
63 creatures vanquished.

Notes
Turn   | Place    | Note
-------+----------+-------------------------------------------
     0 | D:1      | Dittersdorf the Gargoyle Fighter began the quest for the
                  | Orb.
     0 | D:1      | Reached XP level 1. HP: 14/14 MP: 1/1
   304 | D:1      | Reached XP level 2. HP: 18/19 MP: 2/2
   712 | D:2      | Found Haofe's Assorted Antiques.
   719 | D:2      | Bought a scroll labelled YKHLAE UPU SOITOLL for 30 gold
                  | pieces
   719 | D:2      | Bought a scroll labelled VOPEDETO DOOX for 30 gold pieces
   719 | D:2      | Bought a scroll labelled PEHI YJITU for 30 gold pieces
   749 | D:2      | Reached XP level 3. HP: 23/23 MP: 3/3
  1422 | D:2      | Reached XP level 4. HP: 29/29 MP: 4/4
  1993 | D:2      | Bought 2 scrolls labelled MEUP GYKHIP for 60 gold pieces
  2068 | D:4      | Reached XP level 5. HP: 25/33 MP: 5/5
  2159 | D:4      | Found a staircase to the Ecumenical Temple.
  2160 | D:4      | Noticed an ogre
  2163 | D:4      | Noticed Sigmund
  2164 | D:4      | Mangled by an ogre

Illustrated notes

Levels and vault maps discovered:
D:1:      eino_arrival_water_star, layout_basic
D:2:      layout_basic, serial_shops, shop, minmay_vboxes
D:3:      layout_rooms
D:4:      layout_loops_corners, temple_fountains, minmay_manual_maat,
          uniq_sigmund, uniq_menkaure

Skill      XL: |  1  2  3  4  5 |
---------------+----------------+-----
Shields        | 4 |  4.2
Fighting       | 4 |  4.1
Armour         | 4 |  4.1
Maces & Flails | 3 |  3.0

Action                     |  1- 3 |  4- 6 || total
---------------------------+-------+-------++-------
  Melee: Flail             |   141 |   103 ||   244
 Armour: Chain mail        |   129 |   148 ||   277
         Scale mail        |     1 |       ||     1
  Dodge: Dodged            |    63 |    58 ||   121
  Block: Buckler           |    37 |    36 ||    73

Table legend: (Time is in decaauts)
 A = Elapsed time spent in this place.
 B = Non-inter-level travel time spent in this place.
 C = Inter-level travel time spent in this place.
 D = Time resting spent in this place.
 E = Time spent auto-exploring this place.
 F = Levels seen in this place.
 G = Mean time per level.
                   A        B        C        D        E       F      G
               +--------+--------+--------+--------+--------+-----+--------+
         Total |   2240 |   2134 |    106 |      0 |   1591 |   4 |  560.0 |
       Dungeon |   2240 |   2134 |    106 |      0 |   1591 |   4 |  560.0 |
               +--------+--------+--------+--------+--------+-----+--------+

Top non-repeatable levels by time:
     D:2: 809 daAuts
     D:1: 722 daAuts
     D:3: 548 daAuts
     D:4: 159 daAuts
